IL
TIDEWATER TIDES @ SYRACUSE CHIEFS
07/25/1982
 
TOP OF THE 1ST
Tidewater Tides batting - Pitching for Syracuse Chiefs : RHP Ron Romanick
Pitching: RHP Ron Romanick
Batting: RHB Anthony Lachowetz 0-0: Swinging Strike
0-1: Called Strike
0-2: Foul Ball, location: 2F
0-2: Ball
1-2: Strikes out swinging
Batting: RHB German Rivera 0-0: Swinging Strike
0-1: Ball
1-1: Foul Ball, location: 2F
1-2: Ball
2-2: Strikes out swinging
Batting: RHB Juan Garcia 0-0: Foul Ball, location: 2F
0-1: Ball
1-1: SINGLE (Line Drive, 7LS, EV 106.9 MPH)
Batting: LHB Dave Kable 0-0: Ball
1-0: Ball
2-0: Called Strike
Juan Garcia steals 2nd base (no throw)
2-1: Ground out 5-3 (Groundball, 56, EV 81.9 MPH)
Top of the 1st over - 0 runs, 1 hit, 0 errors, 1 left on base; Tidewater 0 - Syracuse 0
BOTTOM OF THE 1ST
Syracuse Chiefs batting - Pitching for Tidewater Tides : RHP Gary Sarno
Pitching: RHP Gary Sarno
Batting: LHB Darryl Strawberry 0-0: Ball
1-0: SINGLE (Line Drive, 8RS, EV 98.1 MPH)
Batting: RHB Phil Garner 0-0: Ball
1-0: Called Strike
Darryl Strawberry steals 2nd base (no throw)
1-1: Ball
2-1: Called Strike
2-2: Ball
3-2: Ground out 6-3 (Groundball, 6, EV 89.4 MPH)
Darryl Strawberry to third
Batting: RHB Jim G Wilson 0-0: Called Strike
0-1: Called Strike
0-2: Fly out, F3 (Popup, 3F, EV 71.9 MPH)
Batting: LHB Wayne Gross 0-0: Foul Ball, location: 2F
0-1: Ball
1-1: Ball
2-1: Ball
3-1: Foul Ball, location: 2F
3-2: Base on Balls
Batting: RHB Bobby Grich 0-0: Foul Ball, location: 2F
0-1: Ball
1-1: Reached on error, E6 (Groundball, 56D, EV 100.6 MPH)
Darryl Strawberry scores
Wayne Gross to second
Batting: RHB Jason Adams 0-0: Called Strike
0-1: Foul Ball, location: 2F
0-2: Ball
1-2: Foul Ball, location: 2F
1-2: Ground out U3 (Groundball, 34, EV 86.3 MPH)
Bottom of the 1st over - 1 run, 1 hit, 1 error, 2 left on base; Tidewater 0 - Syracuse 1
TOP OF THE 2ND
Tidewater Tides batting - Pitching for Syracuse Chiefs : RHP Ron Romanick
Batting: RHB Mike Rex 0-0: Ball
1-0: Ball
2-0: Called Strike
2-1: Foul Ball, location: 2F
2-2: Ball
3-2: Base on Balls
Batting: RHB Thomas Walker 0-0: Ball
Mike Rex is caught stealing 2nd base 2-4
1-0: Called Strike
1-1: Ground out 5-3 (Groundball, 5, EV 90.0 MPH)
Batting: LHB Thomas Anderson 0-0: Foul Ball, location: 2F
0-1: Called Strike
0-2: Ball
1-2: Strikes out swinging
Top of the 2nd over - 0 runs, 0 hits, 0 errors, 0 left on base; Tidewater 0 - Syracuse 1
BOTTOM OF THE 2ND
Syracuse Chiefs batting - Pitching for Tidewater Tides : RHP Gary Sarno
Batting: RHB Dusty Baker 0-0: Ball
1-0: Foul Ball, location: 2F
1-1: Ball
2-1: Foul Ball, location: 2F
2-2: Ball
3-2: Foul Ball, location: 2F
3-2: Base on Balls
Batting: LHB Jon Jimenez 0-0: Foul Ball, location: 2F
0-1: Fly out, F4 (Line Drive, 4, EV 63.1 MPH)
Batting: SHB Al Pardo 0-0: Called Strike
0-1: Ball
1-1: Foul Ball, location: 2F
1-2: Foul Ball, location: 2F
1-2: Foul Ball, location: 2F
1-2: Foul Ball, location: 2F
1-2: Ball
2-2: SINGLE (Line Drive, 8RS, EV 106.9 MPH)
Dusty Baker to second
Batting: LHB Darryl Strawberry 0-0: Ball
1-0: Foul Ball, location: 2F
1-1: Ball
2-1: Fly out, F9 (Flyball, 9, EV 90.6 MPH)
Batting: RHB Phil Garner 0-0: Called Strike
0-1: Ball
1-1: Ball
2-1: Fly out, F8 (Flyball, 8RD, EV 101.3 MPH)
Bottom of the 2nd over - 0 runs, 1 hit, 0 errors, 2 left on base; Tidewater 0 - Syracuse 1
TOP OF THE 3RD
Tidewater Tides batting - Pitching for Syracuse Chiefs : RHP Ron Romanick
Batting: LHB Mike Martin 0-0: Foul Ball, location: 2F
0-1: Swinging Strike
0-2: Foul Ball, location: 2F
0-2: Strikes out looking
Batting: SHB Julio Valdez 0-0: Called Strike
0-1: Ball
1-1: Foul Ball, location: 2F
1-2: Ball
2-2: Ground out 4-3 (Groundball, 4, EV 106.9 MPH)
Batting: RHB Anthony Lachowetz 0-0: Called Strike
0-1: Ball
1-1: Called Strike
1-2: Ball
2-2: Strikes out swinging
Top of the 3rd over - 0 runs, 0 hits, 0 errors, 0 left on base; Tidewater 0 - Syracuse 1
BOTTOM OF THE 3RD
Syracuse Chiefs batting - Pitching for Tidewater Tides : RHP Gary Sarno
Batting: RHB Jim G Wilson 0-0: Called Strike
0-1: Called Strike
0-2: Ball
1-2: Ball
2-2: Foul Ball, location: 2F
2-2: Strikes out swinging
Batting: LHB Wayne Gross 0-0: SINGLE (Groundball, 3D, EV 105.6 MPH)
Batting: RHB Bobby Grich 0-0: Called Strike
0-1: Swinging Strike
0-2: Ball
1-2: Strikes out looking
Batting: RHB Jason Adams 0-0: Ball
1-0: Ball
2-0: Called Strike
2-1: Fielders Choice at 2nd, 6-4 (Groundball, 6, EV 85.0 MPH)
Bottom of the 3rd over - 0 runs, 1 hit, 0 errors, 1 left on base; Tidewater 0 - Syracuse 1
TOP OF THE 4TH
Tidewater Tides batting - Pitching for Syracuse Chiefs : RHP Ron Romanick
Batting: RHB German Rivera 0-0: Called Strike
0-1: Foul Ball, location: 2F
0-2: Foul Ball, location: 2F
0-2: Ball
1-2: Foul Ball, location: 2F
1-2: Fly out, F9 (Flyball, 9LS, EV 90.6 MPH)
Batting: RHB Juan Garcia 0-0: Swinging Strike
0-1: Foul Ball, location: 2F
0-2: Foul Ball, location: 2F
0-2: Ball
1-2: Fly out, F6 (Flyball, 6MD, EV 85.6 MPH)
Batting: LHB Dave Kable 0-0: Foul Ball, location: 2F
0-1: Ball
1-1: Ball
2-1: Foul Ball, location: 2F
2-2: SOLO HOME RUN (Flyball, 89XD, EV 95.6 MPH), Distance : 407 ft
Batting: RHB Mike Rex 0-0: Called Strike
0-1: Ball
1-1: Fly out, F9 (Flyball, 9D, EV 93.1 MPH)
Top of the 4th over - 1 run, 1 hit, 0 errors, 0 left on base; Tidewater 1 - Syracuse 1
BOTTOM OF THE 4TH
Syracuse Chiefs batting - Pitching for Tidewater Tides : RHP Gary Sarno
Batting: RHB Dusty Baker 0-0: Called Strike
0-1: Reached on error, E6 (Groundball, 6, EV 107.5 MPH)
Batting: LHB Jon Jimenez 0-0: Ground out 1-3 (Groundball, 13S, EV 75.0 MPH)
Dusty Baker to third
Batting: SHB Al Pardo 0-0: Called Strike
0-1: Fly out, F3 (Flyball, 34D, EV 95.0 MPH)
Batting: LHB Darryl Strawberry 0-0: Ball
1-0: Called Strike
1-1: Ball
2-1: Foul Ball, location: 2F
2-2: Ground out 6-3 (Groundball, 6, EV 88.8 MPH)
Bottom of the 4th over - 0 runs, 0 hits, 1 error, 1 left on base; Tidewater 1 - Syracuse 1
TOP OF THE 5TH
Tidewater Tides batting - Pitching for Syracuse Chiefs : RHP Ron Romanick
Batting: RHB Thomas Walker 0-0: Ball
1-0: Swinging Strike
1-1: SINGLE (Groundball, 15, EV 83.8 MPH) (infield hit)
Batting: LHB Thomas Anderson 0-0: Swinging Strike
0-1: Ball
1-1: Ball
2-1: Called Strike
2-2: Ball
3-2: Foul Ball, location: 2F
3-2: SINGLE (Groundball, 4MD, EV 97.5 MPH)
Thomas Walker to second
Thomas Walker to third
Batting: LHB Mike Martin 0-0: Ball
1-0: SINGLE (Flyball, 8LS, EV 93.1 MPH)
Thomas Walker scores
Thomas Anderson to second
Batting: SHB Julio Valdez 0-0: Bunted foul
0-1: Bunt missed!
0-2: Strikes out swinging
Batting: RHB Anthony Lachowetz 0-0: Ball
1-0: Fielders Choice at 2nd, 5-4 (Groundball, 56, EV 81.9 MPH)
Thomas Anderson to third
Batting: RHB German Rivera 0-0: Ball
1-0: Ball
2-0: Swinging Strike
2-1: TRIPLE (Flyball, 9D, EV 97.5 MPH)
Thomas Anderson scores
Anthony Lachowetz scores
Batting: RHB Juan Garcia 0-0: Foul Ball, location: 2F
0-1: Called Strike
0-2: Foul Ball, location: 2F
0-2: Ball
1-2: DOUBLE (Groundball, 3L, EV 105.6 MPH)
German Rivera scores
Batting: LHB Dave Kable 0-0: Called Strike
0-1: Ball
1-1: Swinging Strike
1-2: Foul Ball, location: 2F
1-2: Ball
2-2: Foul Ball, location: 2F
2-2: Ground out U3 (Groundball, 34, EV 81.3 MPH)
Top of the 5th over - 4 runs, 5 hits, 0 errors, 1 left on base; Tidewater 5 - Syracuse 1
BOTTOM OF THE 5TH
Syracuse Chiefs batting - Pitching for Tidewater Tides : RHP Gary Sarno
Batting: RHB Phil Garner 0-0: Ball
1-0: Foul Ball, location: 2F
1-1: Ground out 6-3 (Groundball, 6, EV 83.8 MPH)
Batting: RHB Jim G Wilson 0-0: Called Strike
0-1: Ball
1-1: Swinging Strike
1-2: Ball
2-2: Fly out, F8 (Flyball, 8RS, EV 90.6 MPH)
Batting: LHB Wayne Gross 0-0: Foul Ball, location: 2F
0-1: SINGLE (Popup, 34D, EV 61.3 MPH)
Batting: RHB Bobby Grich 0-0: Ball
1-0: Swinging Strike
1-1: Ball
2-1: Called Strike
2-2: Ball
3-2: Strikes out swinging
Bottom of the 5th over - 0 runs, 1 hit, 0 errors, 1 left on base; Tidewater 5 - Syracuse 1
TOP OF THE 6TH
Tidewater Tides batting - Pitching for Syracuse Chiefs : RHP Ron Romanick
Batting: RHB Mike Rex 0-0: Ball
1-0: Ball
2-0: SINGLE (Groundball, 6S, EV 60.6 MPH) (infield hit)
Batting: RHB Thomas Walker 0-0: Bunted foul
0-1: Bunted foul
0-2: Ball
1-2: Ball
2-2: DOUBLE (Flyball, 8RXD, EV 103.8 MPH)
Mike Rex to third
Mike Rex scores
Pitching: RHP Steve Rogers
Batting: LHB Thomas Anderson 0-0: Called Strike
0-1: Foul Ball, location: 2F
0-2: Ball
1-2: Ball
2-2: Foul Ball, location: 2F
2-2: Strikes out looking
Batting: LHB Mike Martin 0-0: Called Strike
0-1: Ball
1-1: Called Strike
1-2: Strikes out looking
Batting: SHB Julio Valdez 0-0: Called Strike
0-1: Fly out, F5 (Popup, 5L, EV 60.0 MPH)
Top of the 6th over - 1 run, 2 hits, 0 errors, 1 left on base; Tidewater 6 - Syracuse 1
BOTTOM OF THE 6TH
Syracuse Chiefs batting - Pitching for Tidewater Tides : RHP Gary Sarno
Batting: RHB Jason Adams 0-0: Ball
1-0: Called Strike
1-1: DOUBLE (Line Drive, 9D, EV 89.4 MPH)
Batting: RHB Dusty Baker 0-0: Ball
1-0: Called Strike
1-1: Ball
2-1: Ball
3-1: Foul Ball, location: 2F
3-2: Fly out, F8 (Flyball, 8RXD, EV 86.9 MPH)
Runner from 2nd tags up, SAFE at 3rd, no throw by CF
Batting: LHB Jon Jimenez 0-0: Ground out 5-3 (Groundball, 5, EV 100.0 MPH)
Batting: SHB Al Pardo 0-0: Ball
1-0: Ground out 6-3 (Groundball, 6, EV 82.5 MPH)
Bottom of the 6th over - 0 runs, 1 hit, 0 errors, 1 left on base; Tidewater 6 - Syracuse 1
TOP OF THE 7TH
Tidewater Tides batting - Pitching for Syracuse Chiefs : RHP Steve Rogers
Batting: RHB Anthony Lachowetz 0-0: DOUBLE (Groundball, 5L, EV 103.1 MPH)
Batting: RHB German Rivera 0-0: Called Strike
0-1: Ground out 6-3 (Groundball, 6, EV 85.0 MPH)
Anthony Lachowetz to third
Batting: RHB Juan Garcia 0-0: Called Strike
0-1: Fly out, F8 (Line Drive, 8RD, EV 105.0 MPH)
Runner from 3rd tags up, SCORES, no throw by CF
Batting: LHB Dave Kable 0-0: Called Strike
0-1: Called Strike
0-2: Ball
1-2: Ball
2-2: Strikes out swinging
Top of the 7th over - 1 run, 1 hit, 0 errors, 0 left on base; Tidewater 7 - Syracuse 1
BOTTOM OF THE 7TH
Syracuse Chiefs batting - Pitching for Tidewater Tides : RHP Gary Sarno
Batting: LHB Darryl Strawberry 0-0: Foul Ball, location: 2F
0-1: Ball
1-1: Called Strike
1-2: Ball
2-2: Ball
3-2: Ground out 4-3 (Groundball, 4M, EV 85.6 MPH)
Batting: RHB Phil Garner 0-0: Called Strike
0-1: Ball
1-1: Ball
2-1: Ground out 6-3 (Groundball, 6, EV 83.8 MPH)
Batting: RHB Jim G Wilson 0-0: Reached on error, E7 (Flyball, 7S, EV 90.6 MPH)
Batting: LHB Wayne Gross 0-0: Called Strike
0-1: Foul Ball, location: 2F
0-2: Ball
1-2: SINGLE (Line Drive, 7LS, EV 95.0 MPH)
Jim G Wilson to third
Runner from 3rd tries for Home, SAFE, throw by LF to home
Batting: RHB Bobby Grich 0-0: Ball
1-0: Ball
2-0: Foul Ball, location: 2F
2-1: Fielders Choice at 2nd, U6 (Groundball, 6M, EV 80.6 MPH)
Bottom of the 7th over - 1 run, 1 hit, 1 error, 1 left on base; Tidewater 7 - Syracuse 2
TOP OF THE 8TH
Tidewater Tides batting - Pitching for Syracuse Chiefs : RHP Steve Rogers
Batting: RHB Mike Rex 0-0: Called Strike
0-1: Ball
1-1: Ground out 5-3 (Groundball, 5, EV 77.5 MPH)
Batting: RHB Thomas Walker 0-0: Called Strike
0-1: DOUBLE (Line Drive, 9LS, EV 100.0 MPH)
Batting: LHB Thomas Anderson 0-0: Ball
1-0: Swinging Strike
1-1: Swinging Strike
1-2: Strikes out swinging
Batting: LHB Mike Martin 0-0: Swinging Strike
0-1: Ball
1-1: Ball
2-1: Ball
3-1: Called Strike
3-2: Base on Balls
Batting: SHB Julio Valdez 0-0: Ball
1-0: Ground out 5-3 (Groundball, 56S, EV 83.8 MPH)
Top of the 8th over - 0 runs, 1 hit, 0 errors, 2 left on base; Tidewater 7 - Syracuse 2
BOTTOM OF THE 8TH
Syracuse Chiefs batting - Pitching for Tidewater Tides : RHP Gary Sarno
Batting: RHB Jason Adams 0-0: Fly out, F7 (Flyball, 7LD, EV 95.6 MPH)
Pitching: RHP Richard Dierker
Batting: RHB Dusty Baker 0-0: Called Strike
0-1: Ball
1-1: Fly out, F2 (Popup, 2RF, EV 85.0 MPH)
Batting: LHB Jon Jimenez 0-0: Ball
1-0: Called Strike
1-1: Ball
2-1: Swinging Strike
2-2: Ball
3-2: Fly out, F8 (Line Drive, 8LD, EV 89.4 MPH)
Bottom of the 8th over - 0 runs, 0 hits, 0 errors, 0 left on base; Tidewater 7 - Syracuse 2
TOP OF THE 9TH
Tidewater Tides batting - Pitching for Syracuse Chiefs : RHP Steve Rogers
Batting: RHB Anthony Lachowetz 0-0: Fly out, F9 (Flyball, 89S, EV 89.4 MPH)
Batting: RHB German Rivera 0-0: Ground out U3 (Groundball, 34S, EV 83.8 MPH)
Batting: RHB Juan Garcia 0-0: Ball
1-0: Called Strike
1-1: Swinging Strike
1-2: Strikes out swinging
Top of the 9th over - 0 runs, 0 hits, 0 errors, 0 left on base; Tidewater 7 - Syracuse 2
BOTTOM OF THE 9TH
Syracuse Chiefs batting - Pitching for Tidewater Tides : RHP Richard Dierker
Batting: SHB Al Pardo 0-0: Ball
1-0: Ball
2-0: Fly out, F9 (Flyball, 89D, EV 90.6 MPH)
Batting: LHB Darryl Strawberry 0-0: Called Strike
0-1: Ball
1-1: Ball
2-1: Foul Ball, location: 2F
2-2: Foul Ball, location: 2F
2-2: Foul Ball, location: 2F
2-2: Foul Ball, location: 2F
2-2: Ball
3-2: Ground out 5-3 (Groundball, 56, EV 83.1 MPH)
Batting: RHB Phil Garner 0-0: Fly out, F9 (Flyball, 89S, EV 93.1 MPH)
Bottom of the 9th over - 0 runs, 0 hits, 0 errors, 0 left on base; Tidewater 7 - Syracuse 2
Wednesday, August 19th, 2020 - OOTP Baseball 21.5 Build 76